 Dungeon Crawl Stone Soup version 0.21.1-1-g345015f (webtiles) character file.

32 Daunt the Chiller (level 3, -1/24 HPs)
             Began as a Merfolk Ice Elementalist on May 18, 2018.
             Slain by a goblin (2 damage)
             ... led by Robin
             ... on level 2 of the Dungeon.
             The game lasted 00:06:51 (1272 turns).

Daunt the Chiller (Merfolk Ice Elementalist)        Turns: 1272, Time: 00:06:52

Health: -1/24      AC:  2    Str:  8    XL:     3   Next: 25%
Magic:  1/6        EV: 12    Int: 15    God:
Gold:   55         SH:  3    Dex: 14    Spells: 5/6 levels left

rFire    . . .     SeeInvis .   f - +0 short sword
rCold    . . .     Gourm    .   i - +0 buckler
rNeg     . . .     Faith    .   a - +0 robe
rPois    .         Spirit   .   (no helmet)
rElec    .         Reflect  .   (no cloak)
rCorr    .         Harm     .   (no gloves)
MR       .....                  (no boots)
Stlth    ++........             (no amulet)
HPRegen  0.08/turn              (no ring)
MPRegen  0.10/turn              (no ring)

@: no status effects
A: change form in water, swift swim, stealthy swim
a: no special abilities


You were on level 2 of the Dungeon.
You were not hungry.

You visited 1 branch of the dungeon, and saw 2 of its levels.

You collected 55 gold pieces.

Inventory:

Hand Weapons
 f - a +0 short sword (weapon)
Armour
 a - a +0 robe (worn)
 i - a +0 buckler (worn)
Scrolls
 e - a scroll of identify {unknown}
Potions
 d - a potion of curing {unknown}
 h - a potion of mutation {unknown}
Books
 b - a book of Frost

   Spells                             Type                      Level
   a - Freeze                         Ice                          1
   b - Throw Frost                    Conjuration/Ice              2
   c - Ozocubu's Armour               Charms/Ice                   3
   d - Throw Icicle                   Conjuration/Ice              4
   e - Summon Ice Beast               Ice/Summoning                4
Comestibles
 c - a ration


   Skills:
 - Level 2.6 Dodging
 - Level 2.1 Stealth
 - Level 2.0 Spellcasting
   Level 0.7 Conjurations
 + Level 4.7 Ice Magic


You had 5 spell levels left.
You knew the following spells:

 Your Spells              Type           Power        Failure   Level  Hunger
a - Freeze                Ice            ###.         5%          1    #......


Dungeon Overview and Level Annotations

Branches:
Dungeon (2/15)

Altars:
Ashenzari

Annotations:
D:2 Robin


Message History

Robin hits you from afar with a spear.
* * * LOW HITPOINT WARNING * * *
You closely miss the goblin.
The goblin is severely wounded.
The goblin closely misses you. The goblin hits you.
* * * LOW HITPOINT WARNING * * *
Robin barely misses you. The goblin closely misses you.
You closely miss the goblin.
The goblin is severely wounded.
You block the goblin's attack. You block Robin's attack.
The goblin barely misses you. The goblin closely misses you.
You miss the goblin.
The goblin is severely wounded.
Robin hits you from afar with a spear.
* * * LOW HITPOINT WARNING * * *
The goblin barely misses you. The goblin closely misses you.
You hit the goblin.
You kill the goblin!
Robin closely misses you. The goblin hits you.
You die...

#.##...#.##.....≈≈≈
#^#..gg(gg'.....≈≈≈
#..)((####.....[PP≈
#..##.# #....≈P≈≈≈
#..#### ##...≈≈≈≈P
#.g...# ###≈≈≈≈≈≈
##g#### ###≈≈≈≈≈[.
#g# #≈≈≈≈≈P≈≈. #@#
≈≈≈≈≈≈≈≈.. #)#
#≈#≈.P..# #.#
####≈≈..## #.####
#........#
#....####.#.#...##
#####.#(..(.......
#.......######
#########


You could see Robin, a hobgoblin and a goblin.

Vanquished Creatures
  An ooze (D:2)
  A giant cockroach (D:1)
  3 hobgoblins
  A quokka (D:2)
  A bat (D:1)
  4 frilled lizards
  9 goblins
  2 kobolds (D:1)
  5 rats
27 creatures vanquished.

Vanquished Creatures (others)
  2 plants (D:2)
2 creatures vanquished.

Grand Total: 29 creatures vanquished

Notes
Turn   | Place    | Note
-------+----------+-------------------------------------------
     0 | D:1      | Daunt the Merfolk Ice Elementalist began the quest for the Orb.
     0 | D:1      | Reached XP level 1. HP: 13/13 MP: 3/3
   242 | D:1      | Found a shattered altar of Ashenzari.
   331 | D:1      | Reached XP level 2. HP: 16/19 MP: 3/5
   600 | D:1      | Reached skill level 4 in Ice Magic
   892 | D:2      | Noticed Robin
  1060 | D:2      | Reached XP level 3. HP: 24/24 MP: 3/6
  1271 | D:2      | HP: 1/24 [Robin/spear (2)]
  1272 | D:2      | Slain by a goblin

Skill      XL: |  1  2 |
---------------+-------+-----
Ice Magic      | 4 |  4.7
Dodging        | |  2.6
Stealth        | |  2.1
Spellcasting   | |  2.0
Conjurations   | |  0.7

Action                   || total
-------------------------++-------
Melee: Short sword       ||    10
 Cast: Freeze            ||    39
  Eat: Chunk             ||     2
Armor: Robe              ||     4
Dodge: Dodged            ||    27
Block: Buckler           ||     8
